 Dungeon Crawl Stone Soup version 0.27-a0-1416-g941b2bd30b (webtiles) character file.

Game seed: 15603163068887993102

326 wesbby the Shooter (level 6, 0/52 HPs)
             Began as a Minotaur Hunter on July 1, 2021.
             Was a Believer of Wu Jian.
             Slain by a hobgoblin (1 damage)
             ... on level 4 of the Dungeon.
             The game lasted 00:06:00 (2738 turns).

wesbby the Shooter (Minotaur Hunter)                Turns: 2738, Time: 00:06:01

Health: 0/52       AC:  5    Str: 19    XL:     6   Next: 24%
Magic:  5/5        EV: 11    Int:  8    God:    Wu Jian [**....]
Gold:   96         SH:  0    Dex: 10    Spells: 5/5 levels left

rFire    . . .     SeeInvis .   b - +0 short sword
rCold    . . .     Faith    .   (no shield)
rNeg     . . .     Spirit   .   n - +0 ring mail
rPois    .         Reflect  .   (helmet restricted)
rElec    .         Harm     .   (no cloak)
rCorr    .         Rampage  .   (no gloves)
Will     .....                  (no boots)
Stlth    +.........             (no amulet)
HPRegen  0.17/turn              (no ring)
MPRegen  0.09/turn              (no ring)

@: no status effects
A: horns 2, retaliatory headbutt
a: Renounce Religion, Wall Jump


You were on level 4 of the Dungeon.
You worshipped Wu Jian.
Wu Jian was pleased with you.
You visited 1 branch of the dungeon, and saw 4 of its levels.

You collected 96 gold pieces.

Inventory:

Hand Weapons
 a - a +1 shortbow
 b - a +0 short sword (weapon)
 h - a +0 spear
Missiles
 d - 5 arrows
Armour
 c - a +0 leather armour
 n - a +0 ring mail (worn)
Jewellery
 r - a ring of ice
Wands
 q - a wand of mindburst (11)
Scrolls
 f - 3 scrolls of identify {unknown}
 g - a scroll of vulnerability {unknown}
 i - a scroll of acquirement {unknown}
 k - 2 scrolls of enchant weapon {unknown}
 m - a scroll of fog {unknown}
 o - 2 scrolls of teleportation {unknown}
Potions
 e - a potion of flight {unknown}
 j - 2 potions of degeneration {unknown}
 l - a potion of curing {unknown}
 p - a potion of heal wounds {unknown}


   Skills:
 * Level 3.8 Fighting
 * Level 7.6 Bows
 + Level 1.2 Armour
 + Level 2.4 Dodging
 - Level 0.7 Stealth


You had 5 spell levels left.
You didn't know any spells.
Your spell library contained the following spells:

 Spells                   Type           Power      Damage    Failure   Level
 Poisonous Vapours        Pois/Air       0%         N/A       75%         2
 Gell's Gravitas          Tloc           0%         N/A       92%         3
 Lesser Beckoning         Tloc           0%         N/A       92%         3
 Mephitic Cloud           Conj/Pois/Air  0%         N/A       92%         3
 Teleport Other           Tloc           0%         N/A       92%         3
 Freezing Cloud           Conj/Ice/Air   0%         6-21      100%        5


Dungeon Overview and Level Annotations

Branches:
Dungeon (4/15)
 Temple: D:4-7

Altars:
Wu Jian
Zin

Annotations:
D:3 2 runed translucent doors, vexzain's ghost, amateur KoFi


Innate Abilities, Weirdness & Mutations

You have a pair of horns on your head.
You reflexively headbutt those who attack you in melee.


Message History

An endoplasm comes into view.
A giant cockroach comes into view.
The hobgoblin barely misses you. The hobgoblin barely misses you.
The hobgoblin completely misses you. The hobgoblin misses you.
The giant cockroach closely misses you.
The hobgoblin hits you but does no damage.
The giant cockroach barely misses you. The hobgoblin barely misses you.
You furiously retaliate!
You headbutt the hobgoblin. The giant cockroach barely misses you.
The giant cockroach bites you but does no damage.
The hobgoblin barely misses you. The giant cockroach misses you.
You furiously retaliate!
You headbutt the giant cockroach.
You kill the giant cockroach!
The Council accepts your kill. The hobgoblin barely misses you.
You furiously retaliate!
You headbutt the hobgoblin. The hobgoblin hits you.
* * * LOW HITPOINT WARNING * * *
The hobgoblin hits you.
* * * LOW HITPOINT WARNING * * *
The hobgoblin hits you but does no damage.
The hobgoblin closely misses you. The hobgoblin barely misses you.
The hobgoblin hits you.
* * * LOW HITPOINT WARNING * * *
The hobgoblin hits you but does no damage.
The hobgoblin hits you.
* * * LOW HITPOINT WARNING * * *
The hobgoblin hits you.
* * * LOW HITPOINT WARNING * * *
The hobgoblin closely misses you. The hobgoblin closely misses you.
The hobgoblin closely misses you. The hobgoblin hits you.
* * * LOW HITPOINT WARNING * * *
The hobgoblin hits you but does no damage.
The hobgoblin hits you.
You die...

.........#... .#
...........## ..... .
........##..# ..... ..#
#......#..##.....
...#................
........................
.......##..............>
..... #..............#
.... #.......@g:...(#
...## ###)#....#.†.(....
....###...##..##...((...
...........##.##....#.>.
......)...##........# (.
<..##..##..(.(......# .
...##..####..........
...###..# ##.........
..## #...# .


You could see a hobgoblin.

Vanquished Creatures
  A hornet zombie (D:4)
  An ogre (D:3)
  8 adders
  An adder skeleton (D:4)
  2 dart slugs
  5 orcs
  6 ball pythons
  4 endoplasms
  4 giant cockroaches
  4 goblins
  3 hobgoblins
  6 jackals (D:1)
  7 kobolds
  3 quokkas
  9 bats
  5 frilled lizards
  2 rats
71 creatures vanquished.

Notes
Turn   | Place    | Note
-------+----------+-------------------------------------------
     0 | D:1      | wesbby the Minotaur Hunter began the quest for the Orb.
     0 | D:1      | Reached XP level 1. HP: 18/18 MP: 0/0
   253 | D:1      | Reached XP level 2. HP: 25/25 MP: 1/1
   371 | D:1      | Reached skill level 5 in Bows
   479 | D:1      | Found a faded altar of an unknown god.
  1019 | D:1      | Became a worshipper of the Wu Jian Council
  1019 | D:1      | Reached * piety under Wu Jian
  1078 | D:2      | Reached XP level 3. HP: 30/30 MP: 2/2
  1345 | D:2      | Reached XP level 4. HP: 38/38 MP: 3/3
  1402 | D:2      | Found a glowing silver altar of Zin.
  1476 | D:2      | Reached skill level 6 in Bows
  1962 | D:3      | Reached ** piety under Wu Jian
  2026 | D:3      | Found a runed translucent door.
  2031 | D:3      | Noticed vexzain's ghost (amateur KoFi)
  2040 | D:3      | Noticed an ogre
  2048 | D:3      | Killed an ogre
  2049 | D:3      | Reached XP level 5. HP: 45/45 MP: 4/4
  2062 | D:3      | Reached skill level 1 in Armour
  2073 | D:3      | Found a runed translucent door.
  2226 | D:3      | Reached skill level 7 in Bows
  2664 | D:4      | HP: 2/46 [hornet zombie (6)]
  2667 | D:4      | Reached XP level 6. HP: 3/52 MP: 5/5
  2732 | D:4      | HP: 1/52 [hobgoblin (4)]
  2738 | D:4      | Slain by a hobgoblin

Illustrated notes

Levels and vault maps discovered:
D:1:      tarquinn_simple_flora_water_c, layout_basic, basic_ecumenical_altar
D:2:      layout_basic, basic_altar, serial_rivers,
          chequers_serial_rivers_micro_d, chequers_serial_rivers_micro_b,
          chequers_serial_rivers_room_b, chequers_serial_rivers_room_b,
          grunt_ministairs_2
D:3:      layout_basic, ebering_ghost_sewer_f
D:4:      layout_cave_pools, nicolae_elemental_shop

Skill      XL: |  1  2  3  4  5 |
---------------+----------------+-----
Bows           | 5 6 7 |  7.6
Fighting       | 3 |  3.8
Armour         | 1 |  1.2
Dodging        | |  2.4
Stealth        | |  0.7

Action                   |  1- 3 |  4- 6 || total
-------------------------+-------+-------++-------
Melee: Shortbow          |     1 |       ||     1
       Short sword       |       |     5 ||     5
       Headbutt          |       |     1 ||     1
 Fire: Shortbow          |   105 |    99 ||   204
Armor: Leather armour    |    10 |     4 ||    14
       Ring mail         |       |     7 ||     7
Dodge: Dodged            |    26 |    37 ||    63

Table legend: (Time is in decaauts)
 A = Elapsed time spent in this place.
 B = Non-inter-level travel time spent in this place.
 C = Inter-level travel time spent in this place.
 D = Time resting spent in this place.
 E = Time spent auto-exploring this place.
 F = Levels seen in this place.
 G = Mean time per level.
                   A        B        C        D        E       F      G
               +--------+--------+--------+--------+--------+-----+--------+
         Total |   2743 |   2663 |     80 |      0 |   2212 |   4 |  685.8 |
       Dungeon |   2743 |   2663 |     80 |      0 |   2212 |   4 |  685.8 |
               +--------+--------+--------+--------+--------+-----+--------+

Top non-repeatable levels by time:
     D:1: 1031 daAuts
     D:3: 816 daAuts
     D:2: 774 daAuts
     D:4: 120 daAuts
